 Dungeon Crawl Stone Soup version 0.22.1-2-g9c5b331 (webtiles) character file.

331911 PaladinM the Human Blade (level 22, -4/191 HPs)
             Began as a Human Fighter on Jan 1, 2019.
             Was the Champion of the Shining One.
             Slain by a caustic shrike (7 damage)
             ... on level 3 of the Depths on Jan 2, 2019.
             The game lasted 05:09:15 (50326 turns).

PaladinM the Human Blade (Human Fighter)           Turns: 50326, Time: 05:09:17

Health: -4/191     AC: 33    Str: 21    XL:     22   Next: 76%
Magic:  29/29      EV: 16    Int: 13    God:    the Shining One [******]
Gold:   3300       SH:  5    Dex: 17    Spells: 16/21 levels left

rFire    + + .     SeeInvis +   E - +9 triple sword (holy)
rCold    . . .     Gourm    .   (shield currently unavailable)
rNeg     + + +     Faith    .   g - +4 fire dragon scales
rPois    +         Spirit   .   R - +2 hat {SInv}
rElec    .         Reflect  +   M - +1 cloak {rC+}
rCorr    +         Harm     .   c - +2 pair of gloves "Ximugekk" {rCorr Str+3 Slay+2}
MR       ++...                  A - +0 pair of boots of Undesirable Species {MR+}
Stlth    ..........             U - +5 amulet of reflection
HPRegen  0.41/turn              j - ring of poison resistance
MPRegen  0.21/turn              W - ring of Robustness {AC+8}

@: about to teleport, very slightly contaminated, hasted, glowing, very quick
A: no striking features
}: 2/15 runes: decaying, gossamer
a: Divine Shield, Cleansing Flame, Summon Divine Warrior, Brand Weapon With Holy
Wrath, Renounce Religion


You were on level 3 of the Depths.
You worshipped the Shining One.
The Shining One was exalted by your worship.
You were not hungry.

You visited 8 branches of the dungeon, and saw 36 of its levels.
You visited the Abyss 1 time.
You also visited: Bailey, Ice Cave and Wizlab.

You collected 3569 gold pieces.
You spent 269 gold pieces at shops.

Inventory:

Hand Weapons
 k - the +9 staff of Wucad Mu {channel}
   (You found it in a wizard's laboratory)
 E - a +9 triple sword of holy wrath (weapon)
 T - a +4 scimitar of flaming
Armour
 c - the +2 pair of gloves "Ximugekk" (worn) {rCorr Str+3 Slay+2}
   (You found it on level 1 of the Swamp)

   It affects your strength (+3).
   It affects your accuracy and damage with ranged weapons and melee attacks
   (+2).
   It provides partial protection from all sources of acid and corrosion.
 d - +3 ice dragon scales
 g - +4 fire dragon scales (worn)
 A - the +0 pair of boots of Undesirable Species (worn) {MR+}
   (You found it on level 13 of the Dungeon)

   It affects your resistance to hostile enchantments.
 M - a +1 cloak of cold resistance (worn)
 R - a +2 hat of see invisible (worn)
Jewellery
 j - a ring of poison resistance (left hand)
 q - an uncursed ring of protection from fire
 v - a +1 ring of protection
 z - an uncursed amulet of the gourmand
 D - an uncursed ring of fire
 Q - a +6 ring of strength
 U - a +5 amulet of reflection (around neck)
 W - the ring of Robustness (right hand) {AC+8}
   (You found it on level 3 of the Lair of Beasts)

   [ring of protection]

   It affects your AC (+8).
Wands
 a - a wand of paralysis (59)
 e - a wand of scattershot (6)
 G - a wand of polymorph (64)
 J - a wand of iceblast (54)
 N - a wand of acid (30)
 Y - a wand of enslavement (9)
Scrolls
 b - 4 scrolls of teleportation
 i - 17 scrolls of remove curse
 m - 2 scrolls of immolation
 t - a scroll of amnesia
 u - 13 scrolls of identify
 y - 4 scrolls of fog
 I - 3 scrolls of magic mapping
 P - 2 scrolls of enchant weapon
 V - 2 scrolls of silence
Potions
 l - 5 potions of haste
 n - a potion of brilliance
 o - a potion of resistance
 p - 7 potions of ambrosia
 r - 7 potions of curing
 w - a potion of cancellation
 x - 6 potions of flight
 B - 5 potions of agility
 K - 2 potions of berserk rage
 S - 4 potions of might
 X - 3 potions of lignification
Miscellaneous
 h - a fan of gales
 s - a phantom mirror
 F - a lightning rod (4/4)
Comestibles
 f - 33 rations


   Skills:
 + Level 20.3 Fighting
 - Level 24.0 Long Blades
 - Level 11.0 Armour
 - Level 10.0 Dodging
   Level 3.0 Shields
 - Level 4.8 Charms
 + Level 4.6 Translocations
 - Level 10.0 Invocations


You had 16 spell levels left.
You knew the following spells:

 Your Spells              Type           Power        Failure   Level  Hunger
a - Spectral Weapon       Hex/Chrm       #.......     67%         3    ####...
b - Blink                 Tloc           N/A          19%         2    ###....

Your spell library contained the following spells:

 Spells                   Type           Power        Failure   Level  Hunger
 Infusion                 Chrm           ##..         12%         1    ##.....
 Song of Slaying          Chrm           ##......     17%         2    ###....
 Shroud of Golubria       Chrm/Tloc      ##........   19%         2    ###....
 Gell's Gravitas          Tloc           ##........   36%         3    ####...
 Lesser Beckoning         Tloc           ##........   36%         3    ####...
 Teleport Other           Tloc           ##......     36%         3    ####...
 Confusing Touch          Hex            #.....       63%         1    ##.....
 Magic Dart               Conj           #...         63%         1    ##.....
 Sandblast                Erth           #.....       63%         1    ##.....
 Summon Small Mammal      Summ           #...         63%         1    ##.....
 Recall                   Summ/Tloc      N/A          67%         3    ####...
 Regeneration             Chrm/Necr      #.........   67%         3    ####...
 Call Imp                 Summ           #.......     77%         2    ###....
 Passwall                 Tmut/Erth      #.......     77%         2    ###....
 Searing Ray              Conj           #.....       77%         2    ###....
 Passage of Golubria      Tloc           N/A          77%         4    #####..
 Call Canine Familiar     Summ           #.......     94%         3    ####...
 Confuse                  Hex            #.......     94%         3    ####...
 Dazzling Spray           Conj/Hex       #.....       94%         3    ####...
 Stone Arrow              Conj/Erth      #.....       94%         3    ####...
 Summon Guardian Golem    Hex/Summ       #.......     94%         3    ####...
 Force Lance              Conj/Tloc      #.......     97%         4    #####..
 Animate Dead             Necr           N/A          100%        4    #####..
 Cause Fear               Hex            #.........   100%        4    #####..
 Fulminant Prism          Conj/Hex       #.........   100%        4    #####..
 Iskenderun's Mystic Bla  Conj           #.......     100%        4    #####..
 Leda's Liquefaction      Hex/Erth       #.........   100%        4    #####..
 Petrify                  Tmut/Erth      #.......     100%        4    #####..
 Summon Ice Beast         Ice/Summ       #.......     100%        4    #####..
 Summon Lightning Spire   Summ/Air       #.......     100%        4    #####..
 Aura of Abjuration       Summ           #.........   100%        5    ######.
 Bolt of Magma            Conj/Fire/Erth #.........   100%        5    ######.
 Borgnjor's Vile Clutch   Necr/Erth      #.........   100%        5    ######.
 Lee's Rapid Deconstruct  Erth           #.........   100%        5    ######.
 Metabolic Englaciation   Hex/Ice        #.........   100%        5    ######.
 Silence                  Hex/Air        #.........   100%        5    ######.
 Summon Demon             Summ           #.........   100%        5    ######.
 Summon Forest            Summ/Tloc      #.........   100%        5    ######.
 Summon Mana Viper        Hex/Summ       #.......     100%        5    ######.
 Yara's Violent Unravell  Hex/Tmut       #.........   100%        5    ######.
 Death Channel            Necr           #.........   100%        6    #######
 Deflect Missiles         Chrm/Air       #.........   100%        6    #######
 Iron Shot                Conj/Erth      #.........   100%        6    #######
 Shadow Creatures         Summ           N/A          100%        6    #######
 Simulacrum               Ice/Necr       #.........   100%        6    #######
 Statue Form              Tmut/Erth      #........    100%        6    #######
 Discord                  Hex            #.........   100%        8    #######
 Shatter                  Erth           #.........   100%        9    #######


Dungeon Overview and Level Annotations

Branches:
Dungeon (15/15)            Temple (1/1) D:4            Lair (6/6) D:11
  Swamp (4/4) Lair:2       Spider (4/4) Lair:4        Slime (0/5) Lair:5
    Orc (2/2) D:9             Elf (1/3) Orc:2        Vaults (0/5) D:13
 Depths (3/5) D:15

Altars:
Ashenzari
Cheibriados
Dithmenos
Elyvilon
Fedhas
Gozag
Hepliaklqana
Kikubaaqudgha
Makhleb
Nemelex Xobeh
Okawaru
Qazlal
Ru
Sif Muna
Trog
Uskayaw
Vehumet
Wu Jian
Xom
Yredelemnul
Zin
The Shining One
Jiyva

Shops:
D:12 *   Orc:2 *[(:%

Portals:
Hell: Depths:1 Depths:2 Depths:3


Message History

Okay, then.
As you read the scroll of teleportation, it crumbles to dust.
You feel strangely unstable. The caustic shrike claws you!
The Shining One protects you from harm!
You are splashed with acid!
The acid burns!
You resist.
* * * LOW HITPOINT WARNING * * *
The caustic shrike claws you.
* * * LOW HITPOINT WARNING * * *
You are splashed with acid!
The acid burns!
You resist. The Shining One protects you from harm!
You block the caustic shrike's attack. x2
The spriggan air mage hits you but does no damage.
The titan hits you but does no damage.
Your deep troll shaman bites the caustic shrike!
Your deep troll shaman misses the caustic shrike.
Your deep troll shaman claws the caustic shrike.
The sphinx hits your frost giant! The sphinx hits your frost giant. x2
You hear a shout!
The caustic shrike claws you!
You die...

##.....#
... ##....#
.... ##....
#####''#
#..)#
##......##
###'(
##........#
#...
#..QH$(....
#)()
#.CCbLC!...
#.#(
#.C@b∩[}...
#(8#
#Tbib>>%[..
#..#


#TTb.ie.C.. #(#. #TTC../.... #... ##.T......# #... ##......## ###(. ########
#..'# ##.... ##....# You could see 2 titans, 5 caustic shrikes, 2 fire giants, a
sphinx, a tengu reaver, a lich, a deep elf high priest, 2 spriggan air magi, a
friendly frost giant, 2 friendly iron trolls, a friendly ettin, 3 friendly deep
trolls and a friendly deep troll shaman.

Vanquished Creatures
  Jorgrun (Spider:2)
  2 liches (Depths:2)
  Rupert (Orc:2)
  2 thorn hunters
  A tengu reaver (Depths:2)
  Kirke (Swamp:1)
  3 fire giants
  3 frost giants (Depths:2)
  4 ghost moths
  9 emperor scorpions
  Louise (Spider:1)
  20 very ugly things
  9 stone giants
  3 entropy weavers
  5 vampire knights
  A minotaur (Depths:2)
  A purple draconian (Depths:2)
  An orange crystal statue (WizLab)
  3 ettins
  Snorg (D:13)
  A fire dragon (D:15)
  3 great orbs of eyes
  2 yaktaur captains (Depths:3)
  2 ghost crabs
  4 ice dragons
  20 hydras
  2 spriggan air magi (Depths:2)
  8 centaur warriors
  A catoblepas (D:14)
  Erica (Lair:2)
  3 deep troll earth magi
  22 two-headed ogres
  2 dancing weapons (Elf:1)
  12 alligators
  A deep troll shaman (Depths:3)
  5 ogre magi
  An orc high priest (Depths:2)
  A queen ant (Lair:5)
  4 tengu warriors (Depths:1)
  3 vampire magi (Depths:2)
  3 spriggan berserkers (Depths:2)
  Nergalle (Lair:1)
  A deep elf knight (Depths:2)
  An iron troll (Depths:3)
  7 hell knights (Depths:2)
  3 salamander mystics (Depths:2)
  3 skeletal warriors (Depths:2)
  2 unseen horrors
  7 swamp dragons
  5 spriggan druids
  9 deep trolls
  A flayed ghost (Depths:1)
  2 shambling mangroves
  A deep troll (shapeshifter) (D:15)
  2 glowing orange brains
  Pikel (D:7)
  3 orc knights
  2 deep elf archers (Elf:1)
  2 lindwurms (Swamp:4)
  13 orb spiders
  6 necromancers
  2 orc sorcerers
  2 phantasmal warriors (Depths:2)
  An oklob plant (D:13)
  15 deep elf magi
  43 ugly things
  32 wolf spiders
  2 cyclopes
  3 manticores
  8 elephants
  4 black mambas
  3 moths of wrath
  An ice statue (IceCv)
  2 guardian serpents (Depths:2)
  A torpor snail (Spider:3)
  27 spiny frogs
  A gargoyle (D:11)
  5 komodo dragons
  3 rime drakes
  3 efreet
  10 yaktaurs
  A kobold demonologist (D:15)
  5 demonic crawlers
  10 freezing wraiths (IceCv)
  A queen bee (D:10)
  3 polar bears (D:11)
  6 trolls
  A wolf spider simulacrum (IceCv)
  18 tyrant leeches
  19 hornets
  34 jumping spiders
  Prince Ribbit (D:7)
  34 slime creatures
  9 hippogriffs
  23 blink frogs
  6 dream sheep (Lair:5)
  A bog body (Swamp:4)
  64 redbacks
  Sigmund (D:4)
  A tarantella (shapeshifter) (D:15)
  2 vampires (Depths:2)
  3 wyverns
  5 spriggans
  2 water elementals
  2 shadows
  4 wraiths
  34 yaks
  22 tarantellas
  3 hogs (Swamp:1)
  3 hungry ghosts
  A fire elemental (Orc:1)
  A hog (shapeshifter) (D:15)
  17 humans
  5 basilisks
  27 vampire mosquitoes
  14 swamp worms
  A steam dragon (D:12)
  3 wargs
  14 soldier ants
  15 insubstantial wisps
  2 hell hounds (Orc:2)
  5 porcupines
  12 water moccasins
  3 black bears
  11 swamp drakes
  24 orc warriors
  A hornet zombie (D:12)
  A sky beast (D:9)
  6 boggarts
  A necrophage (D:14)
  12 ice beasts
  31 ogres
  19 centaurs
  9 wolves
  2 big kobolds
  11 crocodiles
  35 bullfrogs
  4 earth elementals (Spider:2)
  A gnoll sergeant (D:9)
  A wyvern zombie (D:9)
  6 scorpions
  A water moccasin skeleton (D:4)
  A swamp dragon simulacrum (IceCv)
  An elephant simulacrum (IceCv)
  27 killer bees
  11 wights
  5 electric eels
  6 howler monkeys
  3 crimson imps
  13 jellies
  A bullfrog zombie (D:8)
  3 centaur zombies
  2 draconian simulacra (IceCv)
  5 hounds
  A quasit (D:12)
  6 centaur skeletons
  A gnoll shaman (D:6)
  12 orc priests
  18 orc wizards
  A water moccasin simulacrum (D:11)
  3 bullfrog skeletons
  5 iguanas
  3 troll simulacra (IceCv)
  33 worker ants
  A spriggan simulacrum (IceCv)
  A wolf simulacrum (IceCv)
  7 centaur simulacra
  2 hound skeletons
  3 worker ant zombies (D:10)
  21 gnolls
  5 ogre simulacra (IceCv)
  14 adders
  4 naga simulacra (IceCv)
  2 shadow imps
  13 white imps
  11 oozes
  2 worms (D:2)
  An adder skeleton (D:4)
  2 dart slugs (D:1)
  7 leopard geckos
  88 orcs
  7 bats
  4 giant cockroaches
  6 goblins
  5 hobgoblins
  10 jackals
  17 kobolds
  A quokka (D:11)
  3 ball pythons
  4 frilled lizards (D:2)
  A jackal skeleton (D:6)
  8 rats
  A butterfly (Lair:4)
  5 plants
1444 creatures vanquished.

Vanquished Creatures (collateral kills)
  A thorn hunter (Swamp:3)
  A fire giant (Depths:2)
  An orc warlord (Depths:2)
  A vampire knight (Depths:2)
  A minotaur (Depths:2)
  Azrael (Orc:2)
  A yaktaur captain (Depths:2)
  A naga warrior (Depths:2)
  3 two-headed ogres (Depths:2)
  A tengu warrior (Depths:2)
  An ogre mage (Depths:2)
  A hell knight (Depths:2)
  4 deep trolls (Depths:3)
  A shambling mangrove (Swamp:3)
  A deep elf archer (Depths:2)
  A wolf spider (Spider:4)
  A yaktaur (Depths:2)
  2 jumping spiders
  A water elemental (Depths:2)
  An air elemental (Elf:1)
  3 redbacks
  A fire elemental (Orc:2)
  2 hell hounds (Orc:2)
  2 orc warriors (Orc:2)
  A scorpion (Spider:2)
  4 orc wizards (Orc:2)
  2 orcs (Orc:2)
41 creatures vanquished.

Vanquished Creatures (others)
  Nessos (Lair:5)
  A lindwurm (Swamp:4)
  A spriggan (Swamp:1)
  A hog (Swamp:1)
  A human (Swamp:1)
  2 centaurs
  A shadow imp (D:9)
  An orc (Orc:2)
  A quokka (D:9)
  4 briar patches (Swamp:4)
  24 fungi
  43 plants
81 creatures vanquished.

Grand Total: 1566 creatures vanquished

Notes
Turn   | Place    | Note
-------+----------+-------------------------------------------
     0 | D:1      | PaladinM the Human Fighter began the quest for the Orb.
     0 | D:1      | Reached XP level 1. HP: 18/18 MP: 1/1
    58 | D:1      | Reached XP level 2. HP: 20/24 MP: 2/2
   126 | D:1      | Reached skill level 3 in Long Blades
   273 | D:1      | Found a glowing golden altar of the Shining One.
   278 | D:1      | Became a worshipper of the Shining One
   376 | D:1      | Reached XP level 3. HP: 29/29 MP: 3/3
   959 | D:2      | Reached skill level 4 in Long Blades
   959 | D:2      | Reached XP level 4. HP: 35/35 MP: 4/4
  1259 | D:2      | Found a basalt altar of Yredelemnul.
  1338 | D:2      | Found a white marble altar of Elyvilon.
  1579 | D:3      | Found a burning altar of Makhleb.
  1800 | D:3      | Found a sparkling altar of Nemelex Xobeh.
  1849 | D:3      | Reached XP level 5. HP: 30/41 MP: 5/5
  2155 | D:3      | Reached skill level 5 in Long Blades
  2278 | D:4      | Found an iron altar of Okawaru.
  2281 | D:4      | Noticed an ogre
  2291 | D:4      | Killed an ogre
  2291 | D:4      | Reached XP level 6. HP: 27/47 MP: 6/6
  2387 | D:4      | Reached skill level 6 in Long Blades
  2531 | D:4      | Noticed Sigmund
  2547 | D:4      | Killed Sigmund
  2547 | D:4      | Reached skill level 7 in Long Blades
  2547 | D:4      | Reached XP level 7. HP: 49/52 MP: 7/7
  2715 | D:4      | Found a staircase to the Ecumenical Temple.
  2721 | Temple   | Entered the Ecumenical Temple
  3006 | D:5      | Entered Level 5 of the Dungeon
  3020 | D:5      | Reached * piety under the Shining One
  3048 | D:5      | Reached skill level 8 in Long Blades
  3108 | D:5      | Reached XP level 8. HP: 45/58 MP: 8/8
  3174 | D:5      | Found an opulent altar of Gozag.
  3297 | D:5      | Reached skill level 9 in Long Blades
  3901 | D:6      | Reached skill level 10 in Long Blades
  4203 | D:6      | Reached ** piety under the Shining One
  4481 | D:7      | Reached XP level 9. HP: 58/63 MP: 9/9
  4883 | D:7      | Reached skill level 1 in Dodging
  5370 | D:7      | Noticed Pikel
  5383 | D:7      | Killed Pikel
  5452 | D:7      | Noticed Prince Ribbit
  5476 | D:7      | Killed Prince Ribbit
  5970 | D:8      | Reached XP level 10. HP: 73/73 MP: 10/10
  6004 | D:8      | Reached skill level 5 in Fighting
  6074 | D:8      | Found a hazy altar of Hepliaklqana.
  6467 | D:8      | Found a hide-covered altar of Uskayaw.
  6734 | D:9      | Found a shimmering altar of Xom.
  6768 | D:9      | Found a radiant altar of Vehumet.
  6768 | D:9      | Reached *** piety under the Shining One
  7211 | D:8      | Reached skill level 5 in Armour
  7336 | D:9      | Reached skill level 11 in Long Blades
  7347 | D:8      | Reached XP level 11. HP: 29/86 MP: 11/11
  7949 | D:9      | Noticed a manticore
  7961 | D:9      | Killed a manticore
  7971 | D:9      | Reached skill level 12 in Long Blades
  8071 | D:9      | Found a staircase to the Orcish Mines.
  8080 | D:9      | Found a stormy altar of Qazlal.
  8392 | D:10     | Entered Level 10 of the Dungeon
  9089 | D:10     | Noticed an unseen horror
  9112 | D:10     | Killed an unseen horror
  9112 | D:10     | Reached skill level 13 in Long Blades
  9787 | D:11     | Reached **** piety under the Shining One
  9877 | D:11     | Identified a scroll of acquirement
 10029 | D:11     | Found a frozen archway.
 10030 | D:11     | Noticed an ice dragon
 10035 | D:11     | Reached skill level 14 in Long Blades
 10039 | D:11     | Reached XP level 12. HP: 30/92 MP: 12/12
 10056 | D:11     | Killed an ice dragon
 10076 | IceCv    | Entered an ice cave
 10355 | IceCv    | Reached skill level 15 in Long Blades
 10456 | IceCv    | Reached ***** piety under the Shining One
 10767 | IceCv    | Found an ancient bone altar of Kikubaaqudgha.
 11446 | D:11     | Found a staircase to the Lair.
 11459 | D:11     | Reached ****** piety under the Shining One
 11464 | D:11     | Reached skill level 16 in Long Blades
 11958 | Lair:1   | Entered Level 1 of the Lair of Beasts
 12094 | Lair:1   | Reached XP level 13. HP: 89/98 MP: 13/13
 12228 | Lair:1   | Noticed Nergalle
 12236 | Lair:1   | Killed Nergalle
 12354 | Lair:1   | Noticed a six-headed hydra
 12442 | Lair:1   | Reached skill level 17 in Long Blades
 12539 | Lair:2   | Found a staircase to the Swamp.
 12715 | Lair:2   | Noticed Erica
 12735 | Lair:2   | Killed Erica
 13480 | Lair:1   | Killed a one-headed hydra
 13836 | Lair:3   | Found the ring of Robustness {AC+8}
 14062 | Lair:3   | Reached skill level 18 in Long Blades
 14556 | Lair:4   | Reached skill level 1 in Invocations
 14991 | Lair:4   | Found a hole to the Spider Nest.
 15835 | Lair:5   | Reached XP level 14. HP: 92/108 MP: 17/17
 15906 | Lair:5   | Reached skill level 5 in Invocations
 15962 | Lair:5   | Noticed an entropy weaver
 15964 | Lair:5   | Noticed an entropy weaver
 16089 | Lair:5   | Killed an entropy weaver
 16555 | Lair:5   | Reached skill level 10 in Fighting
 16768 | Lair:5   | Found a viscous altar of Jiyva.
 16768 | Lair:5   | Noticed Nessos
 16773 | Lair:5   | Found a staircase to the Slime Pits.
 16776 | Lair:5   | Killed Nessos
 17641 | Lair:6   | Entered Level 6 of the Lair of Beasts
 18840 | Lair:6   | Reached XP level 15. HP: 119/119 MP: 20/20
 19604 | Orc:1    | Entered Level 1 of the Orcish Mines
 20412 | Orc:2    | Entered Level 2 of the Orcish Mines
 20414 | Orc:2    | Noticed Azrael
 20549 | Orc:2    | Killed Azrael
 20592 | Orc:2    | Noticed Rupert
 20598 | Orc:2    | Paralysed by Rupert for 5 turns
 20610 | Orc:2    | Killed Rupert
 20708 | Orc:2    | Found Moca Eqa's Food Boutique.
 20709 | Orc:2    | Found a staircase to the Elven Halls.
 20752 | Orc:1    | Reached skill level 10 in Armour
 21170 | Orc:2    | Noticed a stone giant
 21552 | Orc:2    | Killed a stone giant
 21891 | Orc:2    | Found Joecvif's Assorted Antiques.
 21891 | Orc:2    | Found Iteynlie's Antique Weapon Shop.
 21892 | Orc:2    | Found Raggepli's Armour Shop.
 21892 | Orc:2    | Found Tuymn's Book Shoppe.
 21928 | Orc:2    | Bought a scroll of identify for 56 gold pieces
 21928 | Orc:2    | Bought a bubbling yellow potion for 25 gold pieces
 22439 | D:12     | Found a flagged portal.
 22452 | Bailey   | Entered a bailey
 22686 | Bailey   | Reached XP level 16. HP: 127/127 MP: 21/21
 22901 | D:12     | Found Esugio's General Store.
 22910 | D:12     | Bought a scroll of identify for 26 gold pieces
 22910 | D:12     | Bought a scroll of identify for 26 gold pieces
 22910 | D:12     | Bought a scroll of blinking for 97 gold pieces
 22910 | D:12     | Bought a scroll of teleportation for 39 gold pieces
 23593 | D:13     | Noticed Snorg
 23597 | D:13     | Killed Snorg
 23680 | D:13     | Reached skill level 19 in Long Blades
 24121 | D:13     | Found a gate to the Vaults.
 24203 | D:13     | Got a pair of warped boots
 24214 | D:13     | Identified the +0 pair of boots of Undesirable Species
                  | {MR+} (You found it on level 13 of the Dungeon)
 24630 | D:14     | Found a hazy altar of Hepliaklqana.
 25775 | D:15     | Entered Level 15 of the Dungeon
 26714 | D:15     | Found a staircase to the Depths.
 27821 | D:15     | Reached skill level 20 in Long Blades
 27841 | D:15     | Reached XP level 17. HP: 109/137 MP: 22/22
 28174 | Elf:1    | Entered Level 1 of the Elven Halls
 29041 | Elf:1    | Cast into level 2 of the Abyss (deep elf archer)
 29091 | Elf:1    | Escaped the Abyss
 29125 | Elf:1    | HP: 1/137 [deep elf sorcerer/damnation (15)]
 29662 | Swamp:1  | Entered Level 1 of the Swamp
 29670 | Swamp:1  | Noticed Kirke
 29690 | Swamp:1  | Killed Kirke
 31031 | Swamp:1  | Got a pair of brightly glowing gloves
 31037 | Swamp:1  | Identified the +2 pair of gloves "Ximugekk" {rCorr Str+3
                  | Slay+2} (You found it on level 1 of the Swamp)
 31453 | Swamp:2  | Reached skill level 21 in Long Blades
 32470 | Swamp:3  | Noticed a thorn hunter
 32486 | Swamp:3  | Killed a thorn hunter
 33030 | Swamp:3  | Reached XP level 18. HP: 147/147 MP: 23/23
 33055 | Swamp:3  | Learned a level 3 spell: Spectral Weapon
 33264 | Swamp:4  | Entered Level 4 of the Swamp
 33281 | Swamp:4  | Reached skill level 1 in Charms
 35096 | Swamp:3  | Reached skill level 10 in Dodging
 35847 | Swamp:4  | Got a decaying rune of Zot
 36357 | Spider:1 | Entered Level 1 of the Spider Nest
 36431 | Spider:1 | Noticed Louise
 36433 | Spider:1 | Reached skill level 15 in Fighting
 36453 | Spider:1 | Killed Louise
 37368 | Spider:2 | Noticed Jorgrun
 37383 | Spider:2 | Killed Jorgrun
 37860 | Spider:2 | Reached XP level 19. HP: 101/155 MP: 20/26
 37914 | Spider:2 | Reached skill level 10 in Invocations
 38091 | Spider:2 | You fall through a shaft!
 39268 | Spider:4 | Entered Level 4 of the Spider Nest
 42862 | Spider:4 | Got a gossamer rune of Zot
 43352 | Depths:1 | Entered Level 1 of the Depths
 43538 | Depths:1 | Reached skill level 22 in Long Blades
 43555 | Depths:1 | Reached XP level 20. HP: 106/168 MP: 27/27
 44989 | Depths:1 | Reached skill level 23 in Long Blades
 45417 | Depths:1 | Found a gateway to Hell.
 45968 | Depths:2 | Found a magical portal.
 46132 | WizLab   | Entered Wucad Mu's Monastery
 46463 | WizLab   | Found the +9 staff of Wucad Mu {channel}
 46663 | WizLab   | Reached XP level 21. HP: 163/174 MP: 28/28
 46844 | Depths:2 | Reached skill level 24 in Long Blades
 46880 | Depths:2 | Reached XP level 22. HP: 182/182 MP: 27/29
 48173 | Depths:2 | Learned a level 2 spell: Blink
 48824 | Depths:2 | Reached skill level 1 in Translocations
 50306 | Depths:3 | HP: 5/191 [cyan very ugly thing (19)]
 50321 | Depths:3 | The Shining One protects you from harm!
 50324 | Depths:3 | Noticed a caustic shrike
 50324 | Depths:3 | Noticed a caustic shrike
 50324 | Depths:3 | Noticed a caustic shrike
 50324 | Depths:3 | Noticed a caustic shrike
 50324 | Depths:3 | Noticed a caustic shrike
 50324 | Depths:3 | HP: 9/191 [titan (13)]
 50326 | Depths:3 | The Shining One protects you from harm!
 50326 | Depths:3 | HP: 3/191 [caustic shrike (2)]
 50326 | Depths:3 | The Shining One protects you from harm!
 50326 | Depths:3 | Slain by a caustic shrike

Skill      XL: |  1  2  3  4  5  6  7  8  9 10 11 12 13 14 15 16 17 18 19 20 21 22 |
---------------+-------------------------------------------------------------------+-----
Long Blades    | 3 4 5 7 8 10 11 14 16 18 20 21 22 23 24 | 24.0
Dodging        | 6 7 8 10 | 10.0
Fighting       | 4 8 9 11 12 13 14 15 17 20 | 20.3
Armour         | 6 8 11 | 11.0
Invocations    | 4 7 9 10 | 10.0
Charms         | 4 |  4.8
Translocations | 4 |  4.6
Shields        | |  3.0

Action                   |  1- 3 |  4- 6 |  7- 9 | 10-12 | 13-15 | 16-18 | 19-21 | 22-24 || total
-------------------------+-------+-------+-------+-------+-------+-------+-------+-------++-------
Melee: Long sword        |   102 |   141 |       |       |       |       |       |       ||   243
       Falchion          |       |    27 |   438 |   564 |       |       |       |       ||  1029
       Triple sword      |       |       |       |   244 |    79 |  1080 |   740 |   296 ||  2439
       Scimitar          |       |       |       |    24 |   803 |    82 |       |       ||   909
       Great sword       |       |       |       |       |   215 |   230 |       |       ||   445
Invok: Divine Shield     |       |       |     1 |     2 |     4 |     4 |     3 |     2 ||    16
       Cleansing Flame   |       |       |       |       |     1 |    16 |     6 |       ||    23
       Summon Divine War |       |       |       |       |     1 |     4 |     3 |     2 ||    10
  Use: Scroll            |     2 |       |     6 |     9 |     9 |    19 |    12 |     8 ||    65
       Potion            |       |       |     1 |     8 |     1 |     2 |    13 |     2 ||    27
  Eat: Chunk             |       |     6 |     7 |    13 |    32 |    12 |    14 |     5 ||    89
       Ration            |       |       |     1 |     3 |     1 |    13 |     5 |     2 ||    25
Armor: Scale mail        |    12 |       |       |       |       |       |       |       ||    12
       Chain mail        |    68 |   119 |   168 |   274 |       |       |       |       ||   629
       Ice dragon scales |       |       |       |   120 |   601 |   937 |   414 |       ||  2072
       Skin              |       |       |       |    28 |       |       |       |       ||    28
       Plate armour      |       |       |       |       |    11 |       |       |       ||    11
       Fire dragon scale |       |       |       |       |       |       |   247 |   128 ||   375
Dodge: Dodged            |    24 |    43 |    60 |   335 |   481 |   946 |   750 |   151 ||  2790
Block: Shield            |    82 |   106 |   276 |   429 |   545 |       |       |       ||  1438
       Reflection        |       |       |     1 |    17 |     8 |    18 |     8 |    13 ||    65
       Other             |       |       |       |    55 |    60 |   281 |   265 |    98 ||   759
       Rpst.: Long sword |    11 |    13 |       |       |       |       |       |       ||    24
       Falchion          |       |     1 |    20 |    47 |       |       |       |       ||    68
       Scimitar          |       |       |       |     5 |    63 |    11 |       |       ||    79
       Triple sword      |       |       |       |    31 |    25 |   150 |   132 |    27 ||   365
       Great sword       |       |       |       |       |    44 |    39 |       |       ||    83
